 Dungeon Crawl Stone Soup version 0.25-a0-1079-g858b6a6 (webtiles) character file.

Game seed: 11428948615240928463, levelgen mode: deterministic

108684 robertstho the Severer (level 16, -8/136 HPs)
             Began as a Deep Dwarf Berserker on May 14, 2020.
             Was an Elder of Trog.
             Mangled by a +2 dire flail of protection (12 damage)
             ... on level 2 of the Elven Halls on May 15, 2020.
             The game lasted 01:00:52 (19716 turns).

robertstho the Severer (Deep Dwarf Berserker)      Turns: 19716, Time: 01:00:52

Health: -8/136     AC: 24    Str: 24    XL:     16   Next: 3%
Magic:  8/8        EV: 16    Int:  8    God:    Trog [****..]
Gold:   1183       SH:  5    Dex: 13    Spells: 15/15 levels left

rFire    + + +     SeeInvis +   w - +7 great mace "Firestarter" {inner flame, rF++}
rCold    x . .     Gourm    .   (shield currently unavailable)
rNeg     + + .     Faith    .   V - +0 fire dragon scales
rPois    +         Spirit   .   I - +0 helmet
rElec    .         Reflect  +   b - +2 ratskin cloak {+Rats rPois rN+ Str-1 Int-1 Dex+1}
rCorr    .         Harm     .   O - +2 pair of gloves
MR       ++++.                  a - +1 pair of boots {run}
Stlth    ..........             l - amulet of reflection
HPRegen  1.00/turn              G - ring of see invisible
MPRegen  0.11/turn              s - +4 ring of slaying

@: berserk cooldown, non-regenerating, slowed, very slow
A: damage resistance, heal wounds, frail 1, negative energy resistance 1, sense
surroundings 2, weak 1, no regeneration
a: Heal Wounds, Berserk, Trog's Hand, Brothers in Arms, Renounce Religion, Evoke
Ratskin


You were on level 2 of the Elven Halls.
You worshipped Trog.
Trog was greatly pleased with you.
You were hungry.

You visited 4 branches of the dungeon, and saw 23 of its levels.
You also visited: Volcano.

You collected 3005 gold pieces.
You spent 1822 gold pieces at shops.

Inventory:

Hand Weapons
 e - a +1 great sword of flaming
 p - a +1 war axe of flaming
 u - the +11 triple sword of Wes Luj {antimagic, rPois Int+5 SInv}
   (Trog gifted it to you on level 2 of the Elven Halls)

   It reduces the magical energy of the wielder, and disrupts the spells and
   magical abilities of those hit.
   Natural abilities and divine invocations are not affected.
   It affects your intelligence (+5).
   It protects you from poison.
   It lets you see invisible.
 w - the +7 great mace "Firestarter" (weapon) {inner flame, rF++}
   (You found it on level 10 of the Dungeon)

   It has been specially enchanted to burn those struck by it, causing extra
   injury to most foes and up to half again as much damage against particularly
   susceptible opponents.
   It greatly protects you from fire.
 J - a +7 battleaxe
Armour
 a - a +1 pair of boots of running (worn)
 b - the +2 ratskin cloak (worn) {+Rats rPois rN+ Str-1 Int-1 Dex+1}
   (You bought it in a shop on level 2 of the Orcish Mines)

   It affects your strength (-1).
   It affects your intelligence (-1).
   It affects your dexterity (+1).
   It protects you from poison.
   It protects you from negative energy.
 g - a +0 kite shield
 o - a +2 chain mail of cold resistance
 C - +0 acid dragon scales
 I - a +0 helmet (worn)
 O - a +2 pair of gloves (worn)
 V - +0 fire dragon scales (worn)
Jewellery
 l - an amulet of reflection (around neck)
 m - an uncursed ring of poison resistance
 s - a +4 ring of slaying (right hand)
 G - a ring of see invisible (left hand)
 N - an uncursed ring of fire
 R - an uncursed ring of flight
Wands
 B - a wand of iceblast (12)
 S - a wand of clouds (4)
Scrolls
 j - 4 scrolls of blinking
 n - 5 scrolls of remove curse
 v - 5 scrolls of fog
 y - 5 scrolls of enchant armour
 D - a scroll of holy word
 E - 7 scrolls of immolation
 H - 19 scrolls of teleportation
 L - 2 scrolls of identify
 M - 3 scrolls of fear
 Q - 5 scrolls of enchant weapon
 T - a scroll of silence
 W - a scroll of summoning
Potions
 d - 8 potions of lignification
 h - 18 potions of curing
 k - 7 potions of cancellation
 r - 4 potions of flight
 t - 2 potions of magic
 x - 2 potions of stabbing
 z - a potion of ambrosia
 A - 10 potions of haste
 F - a potion of resistance
 K - 2 potions of might
 U - a potion of invisibility
Miscellaneous
 P - a lightning rod (4/4)
Comestibles
 c - 55 rations
 f - 13 chunks of flesh


   Skills:
 * Level 12.3 Fighting
 + Level 6.5 Long Blades
 * Level 16.6(17.9) Axes
 + Level 11.2(14.6) Maces & Flails
 * Level 13.1 Armour
 * Level 11.8 Dodging
 + Level 2.3 Stealth
 + Level 3.9 Shields


You had 15 spell levels left.
You didn't know any spells.
Your spell library was empty.

Dungeon Overview and Level Annotations

Branches:
Dungeon (13/15)            Temple (0/1) D:7            Lair (6/6) D:10
  Swamp (0/4) Lair:4        Snake (0/4) Lair:4        Slime (0/5) Lair:5
    Orc (2/2) D:9             Elf (2/3) Orc:2        Vaults (0/5) D:13
Volcano (visited)

Altars:
Cheibriados
Dithmenos
Elyvilon
Gozag
Hepliaklqana
Kikubaaqudgha
Makhleb
Nemelex Xobeh
Qazlal
Ru
Sif Muna
Uskayaw
Vehumet
Yredelemnul
Beogh

Shops:
D:13 *}   Orc:2 }!?[

Annotations:
D:5 1 transporter
Lair:5 exclusion: 4 oklob plants
Elf:1 6 runed translucent doors


Innate Abilities, Weirdness & Mutations

You are resistant to damage.
You can heal yourself by infusing magical energy.
You resist negative energy. (rN+)
You passively map the area around you.
You do not regenerate.
You are frail. (-10% HP)
You are weak. (Str -2)


Message History

The +2 dire flail of protection hits you!
The deep elf mage is engulfed in blazing flames.
The deep elf knight is engulfed in blazing flames.
The deep elf knight is engulfed in blazing flames.
The +2 dire flail of protection hits you!!
* * * LOW HITPOINT WARNING * * *
The deep elf mage is engulfed in blazing flames. x2
You kill the deep elf mage!
Trog accepts your kill.
Trog appreciates your killing of a magic user.
The ice beast disappears in a puff of smoke!
The +2 dire flail of protection hits you!!
* * * LOW HITPOINT WARNING * * *
Your ogre goes berserk!
You feel quite a bit more hungry.
The +2 dire flail of protection hits you!
* * * LOW HITPOINT WARNING * * *
The +2 dire flail of protection hits you.
The +2 dire flail of protection hits you!
You die...

#...#...##.'.+#..................
....#......##+...................
.#..#..#...##....................
#..###..#.###...............
...#.#...#.##..............,
#.......#.####............ ,,
##.......## ##......... , ,
..<......# ##...#...... , , ,
.##......# ##..@###...... ,, *
#.#......# #.O(## #..... ,,
##......|# ##...###......,, ,
........## ##...#....... ,, ,
####...#.## ##....e......,,, , .#
##.###.####.)..).§..... , .#
##.###.##..○....§.....,,, , ##
##.######.○).)....... ,, # ##...#
##...))...... ,, ,


You could see a +2 dire flail of protection and a friendly ogre (summoned,
berserk).

Vanquished Creatures
  Agnes (Elf:2)
  A deep elf demonologist (Elf:2)
  An ettin (Orc:2)
  Snorg (Lair:3)
  3 fire dragons
  2 deep elf high priests (Elf:1)
  Erolcha (D:13)
  4 hydras
  16 dancing weapons
  Erica (D:8)
  14 death yaks
  A tengu warrior (D:13)
  A two-headed ogre (D:12)
  3 orc high priests (Orc:2)
  5 deep elf knights
  A fire crab (Lair:5)
  A swamp dragon (Lair:6)
  2 wizards (D:13)
  3 deep elf archers
  2 lindwurms
  4 orc knights (Orc:2)
  4 orc sorcerers
  27 deep elf magi
  An oklob plant (Lair:1)
  A manticore (D:12)
  A cyclops (Orc:2)
  A black mamba (shapeshifter) (Elf:1)
  6 elephants (Lair:6)
  10 black mambas
  A centaur zombie (D:13)
  A molten gargoyle (Volcano)
  A gargoyle (Volcano)
  4 rime drakes
  14 spiny frogs
  7 komodo dragons
  A kobold demonologist (D:11)
  Maggie (Lair:1)
  A freezing wraith (D:12)
  3 demonic crawlers (Elf:2)
  5 polar bears
  2 hornets (Lair:6)
  4 trolls
  4 slime creatures (D:13)
  15 dream sheep
  13 blink frogs
  8 hippogriffs
  An air elemental (Elf:2)
  3 redbacks (Lair:6)
  A spriggan (Lair:3)
  3 basilisks
  2 wraiths
  13 wyverns
  23 yaks
  10 fire bats
  A hungry ghost (D:12)
  11 vampire mosquitoes
  5 steam dragons
  2 wargs
  2 nagas (Lair:4)
  An acid dragon (D:12)
  5 porcupines
  2 hell hounds (Volcano)
  16 water moccasins
  A swamp drake (D:9)
  2 sky beasts
  An ice beast (D:5)
  A phantom (D:3)
  19 orc warriors
  A black bear (D:11)
  A necrophage (D:8)
  10 ogres
  11 wolves
  4 centaurs
  8 crocodiles
  A big kobold (D:11)
  15 bullfrogs
  A water moccasin skeleton (D:4)
  2 scorpions
  8 wights
  7 howler monkeys
  A vampire bat (D:4)
  4 electric eels
  4 crimson imps
  2 bullfrog zombies
  4 lava snakes (Volcano)
  A quasit (D:10)
  5 hounds
  5 jellies
  Crazy Yiuf (D:3)
  25 orc priests
  3 centaur skeletons
  19 orc wizards
  A bullfrog skeleton (D:12)
  5 iguanas
  7 worker ants
  A killer bee zombie (D:5)
  A hound skeleton (D:10)
  2 worker ant zombies (D:8)
  14 gnolls
  14 adders
  3 shadow imps
  3 oozes
  2 adder zombies
  An adder skeleton (D:4)
  5 worms
  3 dart slugs
  12 leopard geckos
  77 orcs
  2 bat skeletons (D:4)
  3 bat zombies (D:4)
  8 giant cockroaches
  10 goblins
  13 hobgoblins
  13 jackals
  4 quokkas
  2 ball pythons (D:3)
  5 bats
  5 frilled lizards
  A giant cockroach zombie (D:5)
  16 kobolds
  10 rats
  3 crawling corpses (Elf:1)
  A fungus (Lair:6)
  15 plants
734 creatures vanquished.

Vanquished Creatures (collateral kills)
  A fire giant (D:10)
  A deep elf demonologist (Elf:1)
  A hydra (D:13)
  A catoblepas (Lair:1)
  2 dancing weapons (Elf:1)
  A deep elf knight (Elf:2)
  An orc sorcerer (Orc:2)
  A wolf spider (Lair:6)
  2 black mambas (Lair:6)
  A guardian serpent (Lair:6)
  A centaur skeleton (D:10)
  2 spiny frogs (Lair:6)
  A fire bat (D:10)
  A hungry ghost (D:13)
  2 water moccasins
  A porcupine (Lair:1)
  An orc warrior (Orc:2)
  A scorpion (D:10)
  An orc wizard (Orc:2)
  An orc priest (D:10)
  2 orcs (D:10)
26 creatures vanquished.

Vanquished Creatures (others)
  A deep elf knight (Elf:1)
  A kobold demonologist (D:11)
  A fire bat (Volcano)
  An iguana (D:11)
  A kobold (D:11)
  14 fungi (Lair:6)
  26 plants
45 creatures vanquished.

Grand Total: 805 creatures vanquished

Notes
Turn   | Place    | Note
-------+----------+-------------------------------------------
     0 | D:1      | robertstho the Deep Dwarf Berserker began the quest for the
                  | Orb.
     0 | D:1      | Reached XP level 1. HP: 20/20 MP: 1/1
    77 | D:1      | Reached XP level 2. HP: 27/27 MP: 2/2
   239 | D:1      | Reached ** piety under Trog
   239 | D:1      | Reached skill level 4 in Axes
   239 | D:1      | Reached XP level 3. HP: 25/34 MP: 3/3
   826 | D:2      | Reached XP level 4. HP: 31/42 MP: 3/3
  1397 | D:3      | Reached skill level 5 in Axes
  1397 | D:3      | Reached XP level 5. HP: 28/49 MP: 4/4
  1436 | D:3      | Found a shadowy altar of Dithmenos.
  1436 | D:3      | Found an opulent altar of Gozag.
  1462 | D:3      | Noticed a phantom
  1517 | D:3      | Killed a phantom
  1546 | D:3      | Reached *** piety under Trog
  1554 | D:3      | Reached XP level 6. HP: 53/56 MP: 5/5
  1779 | D:3      | Found a faded altar of an unknown god.
  1827 | D:3      | Reached skill level 6 in Axes
  1864 | D:3      | Found a runed translucent door.
  1865 | D:3      | Noticed Crazy Yiuf
  1963 | D:3      | Found a hide-covered altar of Uskayaw.
  2016 | D:3      | Killed Crazy Yiuf
  2433 | D:4      | Reached XP level 7. HP: 60/63 MP: 6/6
  2703 | D:4      | Reached **** piety under Trog
  2709 | D:4      | Found an ancient bone altar of Kikubaaqudgha.
  2753 | D:4      | Reached skill level 7 in Axes
  2832 | D:5      | Entered Level 5 of the Dungeon
  2944 | D:5      | Found a sacrificial altar of Ru.
  3049 | D:5      | Found a sparkling altar of Nemelex Xobeh.
  3049 | D:5      | Found a transporter.
  3317 | D:5      | Reached skill level 5 in Armour
  3360 | D:5      | Reached XP level 8. HP: 73/73 MP: 7/7
  3441 | D:5      | Reached skill level 8 in Axes
  3516 | D:5      | Found a radiant altar of Vehumet.
  4324 | D:6      | Reached skill level 9 in Axes
  4328 | D:6      | Reached skill level 5 in Fighting
  4863 | D:7      | Found a white marble altar of Elyvilon.
  5005 | D:7      | Gained mutation: You passively map the area around you.
                  | [Deep Dwarf growth]
  5005 | D:7      | Reached XP level 9. HP: 74/81 MP: 8/8
  5055 | D:7      | Found a staircase to the Ecumenical Temple.
  5116 | D:7      | Reached skill level 10 in Axes
  5216 | D:7      | Reached skill level 5 in Dodging
  5747 | D:8      | Reached skill level 11 in Axes
  6172 | D:8      | Noticed Erica
  6199 | D:8      | Killed Erica
  6199 | D:8      | Reached XP level 10. HP: 51/91 MP: 9/9
  6325 | D:8      | Found a burning altar of Makhleb.
  6501 | D:9      | Found a stormy altar of Qazlal.
  6564 | D:9      | Reached skill level 12 in Axes
  6649 | D:9      | Found a hazy altar of Hepliaklqana.
  6652 | D:9      | Found a shimmering blue altar of Sif Muna.
  6655 | D:9      | Found a basalt altar of Yredelemnul.
  6655 | D:9      | Found a snail-covered altar of Cheibriados.
  6849 | D:9      | Reached ***** piety under Trog
  6874 | D:9      | Found a staircase to the Orcish Mines.
  7063 | D:10     | Entered Level 10 of the Dungeon
  7100 | D:10     | Got a glittering copper amulet
  7101 | D:10     | Identified the amulet "Jopnet" {Inacc Str+5} (You found it
                  | on level 10 of the Dungeon)
  7208 | D:10     | Identified a +1 pair of boots of running (You found it on
                  | level 10 of the Dungeon)
  7272 | D:10     | Noticed a fire giant
  7273 | D:10     | Found the +7 great mace "Firestarter" {inner flame, rF++}
  7283 | D:10     | Killed a fire giant
  7283 | D:10     | Reached skill level 13 in Axes
  7388 | D:10     | Found a staircase to the Lair.
  7891 | D:11     | Noticed a smoke demon
  7895 | D:11     | Noticed an orange demon
  7902 | D:11     | Noticed a rust devil
  7982 | D:11     | Reached XP level 11. HP: 76/100 MP: 10/10
  8498 | D:12     | Noticed a two-headed ogre
  8508 | D:12     | Killed a two-headed ogre
  8508 | D:12     | Reached skill level 14 in Axes
  8509 | D:12     | Noticed a fire dragon
  8608 | D:12     | Killed a fire dragon
  8650 | D:12     | Got a crystal flail
  8650 | D:12     | Identified the +9 flail "Hydrabane" {flame, Str+7 Dex-2}
                  | (You found it on level 12 of the Dungeon)
  8731 | D:12     | Reached skill level 1 in Maces & Flails
  8800 | D:12     | You fall into a shaft and drop 1 floor!
  8801 | D:13     | Noticed a deep elf mage
  8814 | D:13     | Killed a deep elf mage
  8821 | D:13     | Found Nexoejo's Gadget Emporium.
  8933 | D:13     | Noticed Erolcha
  8943 | D:13     | Killed Erolcha
  8981 | D:13     | Reached skill level 15 in Axes
  9278 | D:13     | Noticed a wizard
  9297 | D:13     | Killed a wizard
  9301 | D:13     | Found Xoibb's General Store.
  9304 | D:13     | Bought an uncursed amulet of reflection for 360 gold pieces
  9304 | D:13     | Bought a scroll of teleportation for 36 gold pieces
  9304 | D:13     | Bought a scroll of enchant armour for 90 gold pieces
  9304 | D:13     | Bought a potion of invisibility for 96 gold pieces
  9304 | D:13     | Bought a scroll of magic mapping for 42 gold pieces
  9304 | D:13     | Bought a potion of heal wounds for 60 gold pieces
  9337 | D:13     | Found a gate to the Vaults.
  9337 | D:13     | Noticed a wizard
  9340 | D:13     | Paralysed by a wizard for 4 turns
  9365 | D:13     | Killed a wizard
  9367 | D:13     | Reached XP level 12. HP: 84/112 MP: 10/10
  9387 | D:13     | Noticed a five-headed hydra
  9404 | D:13     | Killed a five-headed hydra
  9440 | D:13     | Found Putot's Antique Armour Boutique.
  9447 | D:13     | Noticed a tengu warrior
  9477 | D:13     | Killed a tengu warrior
  9813 | D:12     | Reached skill level 1 in Long Blades
 10222 | Lair:1   | Entered Level 1 of the Lair of Beasts
 10380 | Lair:1   | Noticed Maggie
 10394 | Lair:1   | Killed Maggie
 10764 | Lair:1   | Noticed a seven-headed hydra
 10765 | Lair:1   | Noticed a catoblepas
 10772 | Lair:1   | Killed a catoblepas
 10775 | Lair:1   | Killed a one-headed hydra
 10991 | Lair:2   | Reached skill level 1 in Stealth
 11490 | Lair:2   | Reached skill level 10 in Armour
 11523 | Lair:2   | Reached skill level 5 in Long Blades
 11860 | Lair:3   | Noticed Snorg
 11868 | Lair:3   | Killed Snorg
 11868 | Lair:3   | Reached XP level 13. HP: 121/121 MP: 10/10
 11957 | Lair:3   | Found a dark tunnel.
 11966 | Volcano  | Entered a volcano
 11991 | Volcano  | Reached skill level 16 in Axes
 12264 | Volcano  | Found a radiant altar of Vehumet.
 12326 | Volcano  | Noticed a fire dragon
 12336 | Volcano  | Killed a fire dragon
 13450 | Lair:4   | Found a staircase to the Snake Pit.
 13758 | Lair:4   | Found a staircase to the Swamp.
 14402 | Lair:5   | Reached skill level 5 in Maces & Flails
 14448 | Lair:5   | Reached skill level 10 in Fighting
 14500 | Lair:5   | Received a gift from Trog
 14610 | Lair:5   | Found a staircase to the Slime Pits.
 14648 | Lair:5   | Got a pair of brightly glowing boots
 14658 | Lair:5   | Identified the +2 pair of boots of Timeshyo {Regen+} (You
                  | found it on level 5 of the Lair of Beasts)
 14911 | Lair:6   | Entered Level 6 of the Lair of Beasts
 14982 | Lair:6   | Gained mutation: You resist negative energy. (rN+) [Deep
                  | Dwarf growth]
 14982 | Lair:6   | Reached XP level 14. HP: 75/132 MP: 9/9
 14982 | Lair:6   | Reached skill level 10 in Dodging
 15389 | Lair:6   | Reached skill level 1 in Shields
 15399 | Lair:6   | Upgraded the game from 0.25-a0-1073-gf4359a1 to
                  | 0.25-a0-1079-g858b6a6
 16887 | Orc:1    | Entered Level 1 of the Orcish Mines
 17160 | Orc:1    | Received a gift from Trog
 17233 | Orc:1    | Found a roughly hewn altar of Beogh.
 17315 | Orc:2    | Entered Level 2 of the Orcish Mines
 17611 | Orc:2    | Found a burning altar of Makhleb.
 17729 | Orc:2    | Found a staircase to the Elven Halls.
 17990 | Orc:2    | Reached XP level 15. HP: 85/142 MP: 7/7
 18218 | Orc:2    | Found Utsyhywkoq's Gadget Shoppe.
 18218 | Orc:2    | Found Teimoqest's Distillery.
 18221 | Orc:2    | Found Tonnyrosm's Antique Armour Boutique.
 18221 | Orc:2    | Found Zoytsoups's Magic Scroll Shoppe.
 18231 | Orc:2    | Bought a potion of resistance for 150 gold pieces
 18231 | Orc:2    | Bought a potion of curing for 45 gold pieces
 18231 | Orc:2    | Bought a potion of curing for 45 gold pieces
 18231 | Orc:2    | Bought 2 potions of curing for 90 gold pieces
 18234 | Orc:2    | Bought a scroll of identify for 24 gold pieces
 18234 | Orc:2    | Bought a scroll of amnesia for 42 gold pieces
 18234 | Orc:2    | Bought a scroll of identify for 24 gold pieces
 18234 | Orc:2    | Bought a scroll of identify for 24 gold pieces
 18234 | Orc:2    | Bought a scroll of random uselessness for 12 gold pieces
 18234 | Orc:2    | Bought a scroll of identify for 24 gold pieces
 18234 | Orc:2    | Bought a scroll of fog for 24 gold pieces
 18234 | Orc:2    | Bought a scroll of teleportation for 36 gold pieces
 18234 | Orc:2    | Bought a scroll of fear for 42 gold pieces
 18278 | Orc:2    | Bought the +2 ratskin cloak {+Rats rPois rN+ Str-1 Int-1
                  | Dex+1} for 556 gold pieces
 18278 | Orc:2    | Found the +2 ratskin cloak {+Rats rPois rN+ Str-1 Int-1
                  | Dex+1}
 18343 | Elf:1    | Entered Level 1 of the Elven Halls
 18809 | Elf:1    | Reached skill level 10 in Maces & Flails
 18824 | Elf:1    | HP: 4/144 [smoke demon/divine providence[a deep elf
                  | demonologist] (8)]
 18826 | Elf:1    | HP: 1/144 [deep elf high priest/divine providence (11)]
 18893 | Elf:1    | Found a runed translucent gate.
 18893 | Elf:1    | Found a runed translucent gate.
 18893 | Elf:1    | Found a runed translucent gate.
 18893 | Elf:1    | Found a runed translucent gate.
 18893 | Elf:1    | Found a runed translucent gate.
 18894 | Elf:1    | Noticed an iron dragon
 18894 | Elf:1    | Noticed a shadow dragon
 18899 | Elf:1    | Found a runed translucent gate.
 19070 | Elf:2    | Noticed an Executioner
 19070 | Elf:2    | Noticed a Hell Sentinel
 19154 | Elf:2    | Received a gift from Trog
 19164 | Elf:2    | Got a translucent triple sword {god gift}
 19168 | Elf:2    | Identified the +11 triple sword of Wes Luj {antimagic,
                  | rPois Int+5 SInv} (Trog gifted it to you on level 2 of the
                  | Elven Halls)
 19299 | Elf:2    | Found a radiant altar of Vehumet.
 19351 | Elf:2    | Found a runed translucent gate.
 19351 | Elf:2    | Found a runed translucent gate.
 19354 | Elf:2    | Found a runed translucent gate.
 19530 | Elf:2    | Gained mutation: You are frail. (-10% HP) [a neqoxec]
 19560 | Elf:2    | Gained mutation: You are weak. (Str -2) [a neqoxec]
 19683 | Elf:2    | Noticed Agnes
 19694 | Elf:2    | Killed Agnes
 19707 | Elf:2    | Reached XP level 16. HP: 106/136 MP: 8/8
 19716 | Elf:2    | HP: 4/136 [+2 dire flail of protection (9)]
 19716 | Elf:2    | Mangled by a +2 dire flail of protection

Illustrated notes

Levels and vault maps discovered:
D:1:      roderic_octagonal_star, layout_basic, minmay_tetromino_l2
D:2:      layout_loops_ring
D:3:      layout_loops_ring, nicolae_overflow_hidden_temple,
          chequers_temple_overflow_statue_of_worship,
          chequers_ecumenical_altar_simple, uniq_crazy_yiuf_cottage
D:4:      layout_loops_ring, kennysheep_vampire_church, first_ration
D:5:      minmay_skewed_foursquare, layout_basic, vehumet_crystals,
          nicolae_overflow_crystal_walls, grunt_nemelex_the_gamble
D:6:      layout_basic
D:7:      layout_loops_ring, elyvilon_altar_1,
          minmay_temple_entry_statues_fountains, minmay_misc_feat_hallway
D:8:      layout_loops_ring, makhleb_grotto_becter, grunt_ogre_cave, uniq_erica
D:9:      layout_cave_pools, overflow_temple_1_default,
          grunt_temple_overflow_open, erik_orc_1
D:10:     minmay_firetagon, layout_basic, lair_entry_dummy, evilmike_butchery
D:11:     layout_irregular_city, minmay_misc_feat_diagonals
D:12:     layout_basic, enter_bailey_3, kb_rosetta
D:13:     layout_irregular_city, david_vaults_1, serial_shops, shop,
          shop_statue, kennysheep_mini_moat, uniq_erolcha
Lair:1:   layout_chaotic_city, st_stairs_4, minmay_lair_oklob_items, uniq_maggie
Lair:2:   layout_misc_corridors, serial_bayou_lake_a
Lair:3:   layout_gridlike, nicolae_volcano_entry_vermiform, wad_woods_03,
          lemuel_fruit_tree, uniq_snorg
Lair:4:   layout_cave_pods, swamp_mist, guppyfry_snake_entry_island
Lair:5:   layout_misc_corridors, minmay_slime_entry_oklob_open,
          patterned_corridor, serial_bayou_shore_a, minmay_lair_oklob_chamber
Lair:6:   guppyfry_lair_end_dragon, layout_regular_city,
          hangedman_lair_tendril_chambers, grunt_forest_small_clearings
Orc:1:    nicolae_orc_accident_2, layout_diamond_mine
Orc:2:    grunt_orc_tribal_feast, layout_diamond_mine, basic_altar
Elf:1:    elf_arrival_002, layout_loops_cross, orc_legates
Elf:2:    layout_rooms, basic_altar, einodemon_crawler_minivault, uniq_agnes

Skill      XL: |  1  2  3  4  5  6  7  8  9 10 11 12 13 14 15 |
---------------+----------------------------------------------+-----
Fighting       | 3 4 5 6 7 8 9 10 11 12 | 12.3
Axes           | 4 5 6 7 9 11 13 15 16 | 16.6
Dodging        | 3 4 5 6 7 8 9 10 11 | 11.8
Armour         | 3 4 5 6 7 8 10 11 12 13 | 13.1
Maces & Flails | 1 6 9 11 | 11.2
Long Blades    | 5 6 |  6.5
Stealth        | 1 2 |  2.3
Shields        | 2 3 |  3.9

Action                   |  1- 3 |  4- 6 |  7- 9 | 10-12 | 13-15 | 16-18 || total
-------------------------+-------+-------+-------+-------+-------+-------++-------
Melee: Hand axe          |   135 |   239 |   194 |       |       |       ||   568
       Broad axe         |       |       |   107 |       |       |       ||   107
       Battleaxe         |       |       |    75 |   358 |    23 |       ||   456
       Great mace        |       |       |       |     6 |   592 |       ||   598
       Flail             |       |       |       |     7 |       |       ||     7
       Great sword       |       |       |       |   227 |    42 |       ||   269
Invok: Trog's Hand       |       |     3 |     6 |    20 |    37 |     1 ||    67
       Berserk           |       |     6 |     5 |    14 |     8 |       ||    33
       Brothers in Arms  |       |       |       |     3 |     5 |     1 ||     9
 Abil: Heal Wounds       |     1 |       |     6 |    18 |    28 |       ||    53
Evoke: Wand              |       |       |       |       |     1 |       ||     1
  Use: Scroll            |     3 |       |     2 |    15 |    11 |       ||    31
       Potion            |       |       |       |     2 |     6 |       ||     8
 Stab: Petrified         |       |       |       |     6 |       |       ||     6
  Eat: Chunk             |       |     8 |    20 |    35 |    38 |       ||   101
       Ration            |       |     1 |       |     3 |     2 |       ||     6
Armor: Animal skin       |    25 |       |       |       |       |       ||    25
       Plate armour      |    15 |   177 |   365 |    82 |       |       ||   639
       Chain mail        |       |       |       |   415 |    73 |       ||   488
       Fire dragon scale |       |       |       |       |   423 |       ||   423
Dodge: Dodged            |    96 |    70 |    74 |   417 |   657 |     1 ||  1315
Block: Other             |       |       |       |    48 |   218 |       ||   266
       Reflection        |       |       |       |       |     5 |       ||     5
       Rpst.: Great sword |       |       |       |    48 |    16 |       ||    64

Table legend:
 A = Non-vault XP
 B = Vault XP
 C = Vault XP percentage of total XP
 D = Non-vault monster count
 E = Vault monster count
 F = Vault count percentage of total count
                 A         B        C        D         E       F
            +---------+---------+-------+---------+---------+-------
      Total |   84618 |   70646 |  45.5 |     526 |     219 |  29.4
            +---------+---------+-------+---------+---------+-------
        D:1 |      47 |       3 |   6.0 |      23 |       2 |   8.0
        D:2 |      98 |       0 |   0.0 |      29 |       0 |   0.0
        D:3 |     315 |      41 |  11.5 |      40 |       1 |   2.4
        D:4 |     396 |      65 |  14.1 |      21 |       6 |  22.2
        D:5 |     634 |     113 |  15.1 |      21 |       4 |  16.0
        D:6 |     936 |       0 |   0.0 |      20 |       0 |   0.0
        D:7 |    1206 |       0 |   0.0 |      30 |       0 |   0.0
        D:8 |     917 |    1044 |  53.2 |      20 |       3 |  13.0
        D:9 |     384 |     578 |  60.1 |      15 |      17 |  53.1
       D:10 |     779 |    2030 |  72.3 |      20 |       7 |  25.9
       D:11 |    2559 |       0 |   0.0 |      23 |       0 |   0.0
       D:12 |    3068 |    2661 |  46.4 |      19 |       8 |  29.6
       D:13 |    5093 |    3006 |  37.1 |      28 |       5 |  15.2
     Lair:1 |    2356 |    1010 |  30.0 |      10 |       4 |  28.6
     Lair:2 |    6791 |       0 |   0.0 |      33 |       0 |   0.0
     Lair:3 |    2832 |    1742 |  38.1 |      11 |       3 |  21.4
     Lair:4 |    2796 |     313 |  10.1 |      14 |       2 |  12.5
     Lair:5 |   11915 |       0 |   0.0 |      27 |       0 |   0.0
     Lair:6 |   23705 |   12924 |  35.3 |      62 |      47 |  43.1
      Orc:1 |     864 |     925 |  51.7 |      17 |       5 |  22.7
      Orc:2 |    2802 |    7281 |  72.2 |      22 |      30 |  57.7
      Elf:1 |    7961 |   12484 |  61.1 |      12 |      28 |  70.0
      Elf:2 |    6164 |   20110 |  76.5 |       9 |      30 |  76.9
    Volcano |       0 |    4316 | 100.0 |       0 |      17 | 100.0
            +---------+---------+-------+---------+---------+-------
